 Dungeon Crawl Stone Soup version 0.29-a0-330-g52719c12eb (webtiles) character file.

Game seed: 8887209266230330569

14 kae the Poker (level 2, 0/22 HPs)
             Began as a Merfolk Gladiator on Apr 20, 2022.
             Slain by a kobold
             ... wielding a +0 dagger of venom
              (1 damage)
             ... on level 1 of the Dungeon.
             The game lasted 00:00:13 (593 turns).

kae the Poker (Merfolk Gladiator)                    Turns: 593, Time: 00:00:14

Health: 0/22       AC:  4    Str: 14    XL:     2   Next: 45%
Magic:  2/2        EV: 13    Int:  7    God:
Gold:   31         SH:  0    Dex: 15    Spells: 1/1 levels left

rFire   . . .      SeeInvis .   a - +0 trident
rCold   . . .      Faith    .   (no shield)
rNeg    . . .      Spirit   .   b - +0 leather armour
rPois   .          Reflect  .   c - +0 helmet
rElec   .          Harm     .   (no cloak)
rCorr   .          Rampage  .   (no gloves)
Will    .....                   (no boots)
Stlth   +.........              (no amulet)
HPRegen 0.07/turn               (no ring)
MPRegen 0.08/turn               (no ring)

@: lethally poisoned (0 -> -14)
A: (nimble swimmer 2), mertail
a: no special abilities


You were on level 1 of the Dungeon.
You visited 1 branch of the dungeon, and saw 1 of its levels.

You collected 31 gold pieces.

Inventory:

Hand Weapons
 a - a +0 trident (weapon)
Missiles
 d - 3 throwing nets (quivered)
 e - a javelin
 f - 3 silver javelins
Armour
 b - a +0 leather armour (worn)
 c - a +0 helmet (worn)
Scrolls
 g - a scroll of vulnerability {unknown}


   Skills:
 - Level 2.1 Fighting
 + Level 5.1 Polearms
 - Level 2.0 Throwing
 - Level 4.0 Dodging


You had one spell level left.
You didn't know any spells.
Your spell library was empty.

Dungeon Overview and Level Annotations

Branches:
Dungeon (1/15)

Altars:


Innate Abilities, Weirdness & Mutations

((You are very nimble when in or above water. (Stealth+, EV+, Speed+++)))
Your lower body shifts to a powerful aquatic tail in water.


Message History

You hit the kobold but do no damage.
The kobold is moderately wounded.
The kobold hits you but does no damage.
You are poisoned.
You barely miss the kobold.
The kobold is moderately wounded.
You feel sick.
The kobold hits you with a +0 dagger of venom.
You are lethally poisoned!
There is a lethal amount of poison in your body!
You hit the kobold.
The kobold is heavily wounded.
You feel very sick. The kobold barely misses you.
You are too injured to fight recklessly!
There is a lethal amount of poison in your body!
You are too injured to fight recklessly!
You are too injured to fight recklessly!
There is a lethal amount of poison in your body!
You are too injured to fight recklessly!
You are too injured to fight recklessly!
There is a lethal amount of poison in your body!
You are too injured to fight recklessly!
You are too injured to fight recklessly!
You completely miss the kobold.
The kobold is heavily wounded.
You feel very sick. The kobold barely misses you.
You hit the kobold but do no damage.
The kobold is heavily wounded.
You feel very sick.
The kobold hits you with a +0 dagger of venom.
* * * LOW HITPOINT WARNING * * *
You are more poisoned.
You closely miss the kobold.
The kobold is heavily wounded.
* * * LOW HITPOINT WARNING * * *
You feel very sick.
The kobold hits you with a +0 dagger of venom.
You die...

########## #.K......#
####@######.#
#########........##.#
#.............##.##.####### #
#.#######.#...#...........# #
#.# #........##.#####.# # ##.##
#.#...##.##.# #.# # ##.#.##
#...........#####.###
##.###.########.########........
#.####.#)#.#.##.# #.###)##.


You could see a kobold.

Vanquished Creatures
  A giant cockroach (D:1)
  2 hobgoblins (D:1)
  3 jackals (D:1)
  A quokka (D:1)
  2 ball pythons (D:1)
  A frilled lizard (D:1)
  A goblin (D:1)
  2 kobolds (D:1)
  A rat (D:1)
14 creatures vanquished.

Notes
Turn   | Place    | Note
-------+----------+-------------------------------------------
     0 | D:1      | kae the Merfolk Gladiator began the quest for the Orb.
     0 | D:1      | Reached XP level 1. HP: 16/16 MP: 1/1
   174 | D:1      | Reached XP level 2. HP: 22/22 MP: 2/2
   489 | D:1      | Reached skill level 5 in Polearms
   593 | D:1      | HP: 1/22 [poisoned by a kobold]
   593 | D:1      | Slain by a kobold

Illustrated notes

Levels and vault maps discovered:
D:1:      lordsloth_arrival_two_stooges, layout_loops_corners,
          shapermc_ecumenical_altar_ellora, minmay_misc_feat_doors

Skill      XL: |  1  2 |
---------------+-------+-----
Polearms       | 5 |  5.1
Fighting       | |  2.1
Throwing       | |  2.0
Dodging        | |  4.0

Action                   || total
-------------------------++-------
Melee: Trident           ||    50
       Punch             ||     2
Armor: Leather armour    ||     9
Dodge: Dodged            ||    36

Table legend: (Time is in decaauts)
 A = Elapsed time spent in this place.
 B = Non-inter-level travel time spent in this place.
 C = Inter-level travel time spent in this place.
 D = Time resting spent in this place.
 E = Time spent auto-exploring this place.
 F = Levels seen in this place.
 G = Mean time per level.
                   A        B        C        D        E       F      G
               +--------+--------+--------+--------+--------+-----+--------+
         Total |    596 |    596 |      0 |      0 |    508 |   1 |  596.0 |
       Dungeon |    596 |    596 |      0 |      0 |    508 |   1 |  596.0 |
               +--------+--------+--------+--------+--------+-----+--------+

Top non-repeatable levels by time:
     D:1: 596 daAuts
